 Dungeon Crawl Stone Soup version 0.23-a0-344-ge122d05 (webtiles) character file.

1458 rabbit the Skirmisher (level 8, -2/78 HPs)
             Began as a Deep Dwarf Fighter on Oct 19, 2018.
             Was a Follower of Makhleb.
             Slain by an ogre
             ... wielding a +0 giant spiked club
              (22 damage)
             ... on level 7 of the Dungeon.
             The game lasted 00:27:06 (5018 turns).

rabbit the Skirmisher (Deep Dwarf Fighter)          Turns: 5018, Time: 00:27:08

Health: -2/78      AC: 11    Str: 21    XL:     8   Next: 47%
Magic:  2/2        EV:  6    Int: 10    God:    Makhleb [*.....]
Gold:   294        SH: 11    Dex: 15    Spells: 7/7 levels left

rFire    . . .     SeeInvis .   b - +0 war axe
rCold    . . .     Gourm    .   c - +0 shield
rNeg     . . .     Faith    .   t - +0 chain mail
rPois    .         Spirit   .   h - +0 helmet
rElec    .         Reflect  .   (no cloak)
rCorr    .         Harm     .   (no gloves)
MR       +....                  (no boots)
Stlth    ..........             (no amulet)
HPRegen  0.00/turn              g - +3 ring of dexterity
MPRegen  0.08/turn              (no ring)

@: non-regenerating
A: damage resistance, heal wounds, sense surroundings 1, no regeneration
a: Heal Wounds, Renounce Religion


You were on level 7 of the Dungeon.
You worshipped Makhleb.
Makhleb was aware of your devotion.
You were very hungry.

You visited 2 branches of the dungeon, and saw 8 of its levels.
You also visited: Sewer.

You collected 294 gold pieces.

Inventory:

Hand Weapons
 a - a +3 hunting sling
 b - a +0 war axe (weapon)
 H - a +2 morningstar of protection
Missiles
 e - 184 stones
 l - 102 arrows
 x - 20 bolts
 y - 28 sling bullets (quivered)
Armour
 c - a +0 shield (worn)
 h - a +0 helmet (worn)
 t - a +0 chain mail (worn)
 u - a +0 scale mail
 v - a +0 helmet
Jewellery
 g - a +3 ring of dexterity (left hand)
Scrolls
 d - a scroll of fog
 p - 9 scrolls of identify
 z - 4 scrolls of teleportation
 D - a scroll of fear
 E - a scroll of blinking
 G - a scroll of immolation
Potions
 i - 2 potions of brilliance
 j - 3 potions of flight
 k - 3 potions of haste
 m - a potion of mutation {unknown}
 n - 2 potions of agility
 q - 2 potions of resistance
 r - 2 potions of heal wounds
 w - a potion of curing
 C - a potion of magic
Comestibles
 f - 9 rations


   Skills:
 * Level 6.6 Fighting
 + Level 5.4 Axes
 + Level 6.1 Armour
 + Level 6.2 Shields


You had 7 spell levels left.
You didn't know any spells.
Your spell library was empty.

Dungeon Overview and Level Annotations

Branches:
Dungeon (7/15)             Temple (1/1) D:6

Altars:
Ashenzari
Cheibriados
Dithmenos
Elyvilon
Fedhas
Gozag
Hepliaklqana
Kikubaaqudgha
Makhleb
Nemelex Xobeh
Okawaru
Qazlal
Ru
Sif Muna
Trog
Uskayaw
Vehumet
Wu Jian
Xom
Yredelemnul
Zin
The Shining One

Annotations:
D:2 Sigmund
D:4 Eustachio


Innate Abilities, Weirdness & Mutations

You are resistant to damage.
You can heal yourself by infusing magical energy.
You passively map a small area around you.
You do not regenerate.


Message History

Firing (i - inventory. (/) - cycle)
e - 185 stones (quivered)
Press: ? - help, Shift-Dir - straight line, f/p - ogre
Aim: an ogre, wielding a +0 giant spiked club (heavily wounded)
You shoot a stone. The stone barely misses the ogre.
The stone hits the sky beast.
The sky beast is lightly wounded.
The ogre barely misses you.
b - a +0 war axe (weapon)
You hit the ogre.
The ogre is severely wounded.
The ogre hits you with a +0 giant spiked club!
* * * LOW HITPOINT WARNING * * *
You hit the ogre.
The ogre is severely wounded.
The ogre hits you with a +0 giant spiked club.
* * * LOW HITPOINT WARNING * * *
You hit the ogre.
The ogre is almost dead.
The ogre hits you with a +0 giant spiked club!!
You die...

* ..... , , .#.#### * *
#.#..... * , * *
#.#..... # ##
####.#[####
#.####.#######.#..#.## ,
,
.....................###
........................
* #....@..######.#...###
* #.##O##............#
.(Y*#.######.#...#
#.##*#.# #.#...# ** #.
#.# #.#.#.# # #.# *
#.#.#.# ... ,#.#.#.# #.#
* #.#.#.# #.# * #.#...#
*


You could see a sky beast and an ogre.

Vanquished Creatures
  A hungry ghost (D:7)
  A phantom (D:6)
  A sky beast (D:6)
  An ogre (D:5)
  A bullfrog (Temple)
  Blork the orc (D:5)
  A water moccasin skeleton (D:5)
  A scorpion (D:6)
  6 crimson imps
  A centaur zombie (D:6)
  A hound (D:4)
  An orc priest (D:3)
  5 orc wizards
  3 iguanas
  3 worker ants (D:5)
  3 gnolls (D:6)
  10 adders
  2 oozes
  An adder skeleton (D:6)
  3 worms
  A dart slug (D:1)
  3 leopard geckos
  15 orcs
  4 giant cockroaches
  9 goblins
  9 hobgoblins
  13 jackals
  3 quokkas
  2 ball pythons
  7 bats
  8 frilled lizards
  7 kobolds
  A quokka skeleton (D:6)
  7 rats
136 creatures vanquished.

Notes
Turn   | Place    | Note
-------+----------+-------------------------------------------
     0 | D:1      | rabbit the Deep Dwarf Fighter began the quest for the Orb.
     0 | D:1      | Reached XP level 1. HP: 20/20 MP: 1/1
   143 | D:1      | Reached XP level 2. HP: 25/27 MP: 2/2
   696 | D:2      | Reached XP level 3. HP: 32/34 MP: 3/3
   733 | D:2      | Noticed Sigmund
  1493 | D:3      | Reached XP level 4. HP: 30/42 MP: 4/4
  1824 | D:3      | Found a bloodstained altar of Trog.
  2083 | D:3      | Reached XP level 5. HP: 20/50 MP: 5/5
  2816 | D:4      | Found a glowing drain.
  2837 | Sewer    | Entered a sewer
  2934 | Sewer    | Noticed Purgy
  2981 | D:4      | Reached XP level 6. HP: 44/57 MP: 6/6
  3034 | D:4      | Noticed Eustachio
  3077 | D:5      | Entered Level 5 of the Dungeon
  3369 | D:5      | Found a glowing golden altar of the Shining One.
  3465 | D:5      | Reached skill level 5 in Shields
  3524 | D:5      | HP: 2/60 [ogre/+0 giant club (14)]
  3527 | D:5      | Reached skill level 5 in Fighting
  3527 | D:5      | Reached skill level 5 in Armour
  3527 | D:5      | Reached XP level 7. HP: 2/67 MP: 6/6
  3637 | D:5      | Noticed Blork the orc
  3651 | D:5      | Killed Blork the orc
  4012 | D:6      | Found a staircase to the Ecumenical Temple.
  4022 | Temple   | Entered the Ecumenical Temple
  4170 | Temple   | Became a worshipper of Makhleb the Destroyer
  4267 | D:6      | Reached XP level 8. HP: 53/76 MP: 2/2
  4372 | D:6      | Reached skill level 5 in Axes
  4790 | D:6      | Reached * piety under Makhleb
  5018 | D:7      | Slain by an ogre

Vault maps used:
D:1:      dpeg_chamrin_arrival_tetris
D:2:      minmay_crystal_water, uniq_sigmund
D:3:      trog_three_pillars_becter
D:4:      serial_shops, nicolae_shop_behind_doors, gup_sewer_entry_bowl,
          uniq_eustachio
D:5:      nicolae_tso_swordbearing_angel, first_ration, uniq_blork_the_orc
D:6:      temple_statues
D:7:      serial_shops, kennysheep_mini, uniq_crazy_yiuf_cottage
Temple:   kilobyte_greek_temple
Sewer:    sewer_co_purgy_island

Skill      XL: |  1  2  3  4  5  6  7  8 |
---------------+-------------------------+-----
Fighting       | 3 4 5 6 |  6.6
Shields        | 4 5 6 |  6.2
Armour         | 4 5 6 |  6.1
Axes           | 3 4 5 |  5.4

Action                   |  1- 3 |  4- 6 |  7- 9 || total
-------------------------+-------+-------+-------++-------
Melee: War axe           |    97 |   214 |   144 ||   455
 Fire: Hunting sling     |     7 |    93 |    65 ||   165
Throw: Stone             |    61 |       |       ||    61
 Abil: Heal Wounds       |       |     3 |     8 ||    11
  Use: Scroll            |     1 |       |    18 ||    19
       Potion            |       |     1 |     1 ||     2
  Eat: Chunk             |     2 |     7 |     5 ||    14
Armor: Scale mail        |    27 |       |       ||    27
       Chain mail        |    14 |   155 |    82 ||   251
Dodge: Dodged            |    27 |    54 |    27 ||   108
Block: Shield            |    55 |   170 |    89 ||   314

Table legend:
 A = Non-vault XP
 B = Vault XP
 C = Vault XP percentage of total XP
 D = Non-vault monster count
 E = Vault monster count
 F = Vault count percentage of total count
                 A         B        C        D         E       F
            +---------+---------+-------+---------+---------+-------
      Total |    1956 |     128 |   6.1 |     125 |      11 |   8.1
            +---------+---------+-------+---------+---------+-------
        D:1 |      30 |       0 |   0.0 |      19 |       0 |   0.0
        D:2 |      51 |       0 |   0.0 |      19 |       0 |   0.0
        D:3 |     168 |       0 |   0.0 |      29 |       0 |   0.0
        D:4 |      96 |       8 |   7.7 |       3 |       5 |  62.5
        D:5 |     456 |      90 |  16.5 |      19 |       1 |   5.0
        D:6 |     812 |       0 |   0.0 |      31 |       0 |   0.0
        D:7 |     209 |       0 |   0.0 |       2 |       0 |   0.0
     Temple |     134 |       0 |   0.0 |       3 |       0 |   0.0
      Sewer |       0 |      30 | 100.0 |       0 |       5 | 100.0
            +---------+---------+-------+---------+---------+-------
